 Dungeon Crawl Stone Soup version 0.31-a0-236-g9a0961fb85 (webtiles) character file.

Game seed: 11763077581953197417

36 qw the Shooter (level 3, -3/21 HPs)
             Began as a Gargoyle Hexslinger on July 10, 2023.
             Slain by a goblin
             ... wielding a +0 club
             ... led by Robin
              (5 damage)
             ... on level 2 of the Dungeon.
             The game lasted 00:00:17 (693 turns).

qw the Shooter (Gargoyle Hexslinger)                 Turns: 693, Time: 00:00:18

Health: -3/21      AC:  5    Str: 11    XL:     3   Next: 37%
Magic:  4/4        EV: 12    Int: 13    God:
Gold:   84         SH:  0    Dex: 14    Spells: 3/4 levels left

rFire   . . .        a - +1 sling
rCold   . . .        (no shield)
rNeg    + . .        c - +0 robe
rPois   inf          (no helmet)
rElec   +            (no cloak)
rCorr   .            (no gloves)
SInv    .            (no boots)
Will    .....        (no amulet)
Stlth   +            (no ring)
HPRegen 0.23/turn    (no ring)
MPRegen 0.09/turn

%: no passive effects
@: no status effects
A: sickness immunity, AC +3, negative energy resistance 1, electricity
resistance, torment resistance 1, petrification resistance
a: no special abilities


You were on level 2 of the Dungeon.
You visited 1 branch of the dungeon, and saw 2 of its levels.

You collected 84 gold pieces.


Innate Abilities, Weirdness & Mutations

You are immune to sickness and miasma.
Your stone body is resilient. (AC +3)
You are immune to poison.
You resist negative energy. (rN+)
You are resistant to electric shocks. (rElec)
You are resistant to unholy torment.
You are immune to petrification.


   Skills:
 - Level 2.0 Fighting
 + Level 3.3 Ranged Weapons
 - Level 1.5 Dodging
 - Level 1.0 Spellcasting
 - Level 2.6 Hexes


You had 3 spell levels left.
You knew the following spells:

 Your Spells              Type           Power      Damage    Failure   Level
a - Slow                  Hex            28%        N/A       10%         1

Your spell library contained the following spells:

 Spells                   Type           Power      Damage    Failure   Level
 Inner Flame              Hex/Fire       4%         N/A       43%         3
 Portal Projectile        Hex/Tloc       8%         N/A       43%         3
 Cause Fear               Hex            3%         N/A       67%         4

Inventory:

Hand Weapons
 a - a +1 sling (weapon)
Armour
 c - a +0 robe (worn)
Scrolls
 b - a scroll of poison
 e - 2 scrolls of immolation {unknown}
 g - 2 scrolls of teleportation {unknown}
 i - a scroll of fog {unknown}
Potions
 d - 2 potions of cancellation {unknown}
 f - a potion of invisibility {unknown}
 h - a potion of resistance {unknown}
 j - a potion of heal wounds {unknown}
 k - a potion of degeneration {unknown}
 l - a potion of magic {unknown}

Dungeon Overview and Level Annotations

Branches:
Dungeon (1/15)

Altars:


Message History

Robin misses you.
You shoot a sling bullet.
The sling bullet completely misses Robin.
Robin roars a battlecry!
You shoot a sling bullet. The sling bullet closely misses Robin.
Robin roars a battlecry!
You hear a shout!
You shoot a sling bullet. The sling bullet hits Robin.
Robin is heavily wounded.
Robin misses you.
You shoot a sling bullet. The sling bullet closely misses Robin.
Robin barely misses you. Robin hits you but does no damage.
You shoot a sling bullet. The sling bullet hits Robin.
Robin is severely wounded.
Robin hits you from afar with a +0 spear.
You shoot a sling bullet. The sling bullet barely misses Robin.
You hear a shout!
Robin hits you but does no damage.
You hear a shout!
You shoot a sling bullet. The sling bullet closely misses Robin.
Robin hits you from afar with a +0 spear.
You shoot a sling bullet. The sling bullet hits Robin.
Robin is almost dead.
Robin hits you from afar with a +0 spear.
A goblin comes into view. It is wielding a +0 club.
Robin roars a battlecry!
You hear a shout! x2
You shoot a sling bullet. The sling bullet hits Robin.
You kill Robin!
You shoot a sling bullet.
The sling bullet completely misses the goblin.
You shoot a sling bullet. The sling bullet hits the goblin.
The goblin is moderately wounded.
The goblin completely misses you.
A goblin comes into view. It is wielding a +0 club.
A hobgoblin comes into view.
You shoot a sling bullet. The sling bullet hits the goblin.
The goblin is heavily wounded.
The goblin hits you with a +0 club.
You die...

.. gg #. #g ### #####
. g.#. #.. #...# ..
.#.####.#####.#.##...
..g..................
#.####.#..##.#.##...
#g####.#..##.#.# #
#gg@)..#..##.#.#
#..g.######..##.#.#
#.##. ......#.#### #
## ########....#
#....# #.##.#
###.##### #........
#....####


You could see 2 hobgoblins and 2 goblins.

Vanquished Creatures
  Robin (D:2)
  3 endoplasms
  2 giant cockroaches (D:1)
  6 goblins
  2 hobgoblins (D:1)
  A quokka (D:1)
  A bat (D:1)
  A frilled lizard (D:2)
  2 kobolds (D:1)
  4 rats (D:1)
23 creatures vanquished.

Notes
Turn   | Place    | Note
-------+----------+-------------------------------------------
     0 | D:1      | qw the Gargoyle Hexslinger began the quest for the Orb.
     0 | D:1      | Reached XP level 1. HP: 12/12 MP: 2/2
     0 | D:1      | 0 ||| qw: Version: 0.3-a-52-g30416fa
     0 | D:1      | 0 ||| qw: Game counter: 4578
     0 | D:1      | 0 ||| qw: Melee chars always use a shield: true
     0 | D:1      | 0 ||| qw: God list: Okawaru
     0 | D:1      | 0 ||| qw: Allow faded altars: false
     0 | D:1      | 0 ||| qw: Do Orc after clearing Dungeon:15 true
     0 | D:1      | 0 ||| qw: Do second Lair branch before Depths: true
     0 | D:1      | 0 ||| qw: Lair rune preference: random
     0 | D:1      | 0 ||| qw: Goals: Normal
     0 | D:1      | 0 ||| PLANNING D:1-11
   218 | D:1      | Reached XP level 2. HP: 16/16 MP: 3/3
   394 | D:1      | Reached skill level 3 in Ranged Weapons
   579 | D:1      | You fall into a shaft and drop 1 floor!
   661 | D:2      | Noticed Robin
   663 | D:2      | 663 ||| Stepping ~*~*~tactically~*~*~ (outnumbered).
   669 | D:2      | Reached XP level 3. HP: 20/21 MP: 4/4
   686 | D:2      | HP: 4/21 [Robin/+0 spear (5)]
   689 | D:2      | HP: 1/21 [Robin/+0 spear (3)]
   690 | D:2      | Killed Robin
   693 | D:2      | Slain by a goblin

Levels and vault maps discovered:
D:1:      amcnicky_arrival_feature_with_door, layout_basic,
          minmay_misc_feat_encased
D:2:      layout_basic, basic_altar, uniq_robin

Skill      XL: |  1  2 |
---------------+-------+-----
Ranged Weapons | 3 |  3.3
Fighting       | 2 |  2.0
Dodging        | |  1.5
Spellcasting   | |  1.0
Hexes          | |  2.6

Action                     || total
---------------------------++-------
   Fire: Sling             ||    81
 Armour: Robe              ||    12
  Dodge: Dodged            ||    26

Table legend:
 A = Non-vault XP
 B = Vault XP
 C = Vault XP percentage of total XP
 D = Non-vault monster count
 E = Vault monster count
 F = Vault count percentage of total count
                 A         B        C        D         E       F
            +---------+---------+-------+---------+---------+-------
      Total |      29 |      23 |  44.2 |      18 |       5 |  21.7
            +---------+---------+-------+---------+---------+-------
        D:1 |      24 |       0 |   0.0 |      15 |       0 |   0.0
        D:2 |       5 |      23 |  82.1 |       3 |       5 |  62.5
            +---------+---------+-------+---------+---------+-------
